 Dungeon Crawl Stone Soup version 0.31-a0-876-gfe8ebadbca (webtiles) character file.

Game seed: 61133559883848990

39 Pixllover the Chopper (level 3, -2/35 HPs)
             Began as a Gnoll Cinder Acolyte on Oct 13, 2023.
             Was a Follower of Elyvilon.
             Slain by a fire elemental (7 damage)
             ... created by the fiery vengeance of Ignis
             ... on level 2 of the Dungeon.
             The game lasted 00:02:23 (767 turns).

Pixllover the Chopper (Gnoll Cinder Acolyte)         Turns: 767, Time: 00:02:24

Health: -2/35      AC:  5    Str: 15    XL:     3   Next: 45%
Magic:  7/7        EV: 10    Int: 13    God:    Elyvilon [*.....]
Gold:   18         SH:  0    Dex:  7    Spells: 7/7 levels left

rFire   . . .        a - -1 hand axe (flame)
rCold   . . .        (no shield)
rNeg    . . .        e - +0 ring mail
rPois   .            (no helmet)
rElec   .            (no cloak)
rCorr   .            (no gloves)
SInv    .            (no boots)
Will    .....        (no amulet)
Stlth   +            (no ring)
HPRegen 0.25/turn    (no ring)
MPRegen 0.10/turn

%: no passive effects
@: fire susceptible
A: fangs 1, strong nose, distributed training
a: Renounce Religion, Purification


You were on level 2 of the Dungeon.
You worshipped Elyvilon.
Elyvilon was aware of your devotion.
You visited 1 branch of the dungeon, and saw 2 of its levels.

You collected 18 gold pieces.

Inventory:

Hand Weapons
 a - a -1 hand axe of flaming (weapon)
Armour
 b - a +0 robe
 e - a +0 ring mail (worn)
Scrolls
 d - a scroll of enchant weapon {unknown}
 f - a scroll of blinking {unknown}
 g - a scroll of teleportation {unknown}


   Skills:
 + Level 6.5 Fighting
 + Level 0.8 Short Blades
 + Level 0.8 Long Blades
 + Level 6.5 Axes
 + Level 0.8 Maces & Flails
 + Level 0.8 Polearms
 + Level 0.8 Staves
 + Level 0.8 Ranged Weapons
 + Level 0.8 Throwing
 + Level 0.8 Armour
 + Level 0.8 Dodging
 + Level 0.8 Stealth
 + Level 0.8 Shields
 + Level 0.8 Unarmed Combat
 + Level 2.8 Spellcasting
 + Level 0.5 Conjurations
 + Level 0.5 Hexes
 + Level 0.5 Summonings
 + Level 0.5 Necromancy
 + Level 0.5 Translocations
 + Level 0.5 Transmutations
 + Level 5.4 Fire Magic
 + Level 0.5 Ice Magic
 + Level 0.5 Air Magic
 + Level 0.5 Earth Magic
 + Level 0.5 Poison Magic
 + Level 1.0 Invocations
 + Level 0.8 Evocations
 + Level 0.7 Shapeshifting


You had 7 spell levels left.
You didn't know any spells.
Your spell library contained the following spells:

 Spells                   Type           Power      Damage    Failure   Level
 Scorch                   Fire           30%        2d6       8%          2
 Shock                    Conj/Air       12%        1d3       36%         1
 Swiftness                Air            3%         N/A       73%         3
 Airstrike                Air            1%         2d(1-17)  98%         4


Dungeon Overview and Level Annotations

Branches:
Dungeon (2/15)

Altars:
Elyvilon


Innate Abilities, Weirdness & Mutations

You have very sharp teeth.
Your uncanny sense of smell can sniff out nearby items.
Your experience applies equally to all skills.


Message History

You are poisoned.
The adder poisons you!
You hit the adder. You burn the adder.
The adder is severely wounded.
You feel sick. The adder bites you but does no damage.
You closely miss the adder.
The adder is severely wounded.
You feel sick. The adder barely misses you.
You hit the adder. You burn the adder.
You kill the adder!
You feel sick.
Your Invocations skill increases to level 1!
You feel sick.
You see here an adder corpse.
You feel sick.
You are no longer poisoned.
Found a stone staircase leading down. "These will know how to inflict the punishment due to you!" 2 fire elementals come into view.
You hit the fire elemental.
The fire elemental is lightly damaged.
You closely miss the fire elemental.
The fire elemental is lightly damaged.
The fire elemental hits you. The fire elemental burns you!
You hit the fire elemental.
The fire elemental is moderately damaged.
You barely miss the fire elemental. The fire elemental hits you.
The fire elemental burns you!
* * * LOW HITPOINT WARNING * * *
The fire elemental hits you. The fire elemental burns you!
Elyvilon protects you from harm!
As you read the scroll labelled GIADAE LETTI, it crumbles to dust.
Your body is wracked with pain!
* * * LOW HITPOINT WARNING * * *
Elyvilon forgives your inadvertent evil act, just this once.
It was a scroll of torment.
The fire elemental hits you. The fire elemental burns you!
Elyvilon protects you from harm! The fire elemental hits you.
The fire elemental burns you!
You die...

........#########
.........†......#
##.####.#.#####.#
#<...# #.#
#.###.# #.# #.##
#.##.# #.# #.#.#
#. .#E# # #@# #E#
#°# #.# #.. ###


You could see 2 fire elementals.

Vanquished Creatures
  An adder (D:2)
  A ball python (D:1)
  3 endoplasms (D:1)
  A giant cockroach (D:1)
  2 goblins (D:1)
  4 hobgoblins (D:1)
  3 jackals (D:1)
  2 quokkas (D:1)
  6 kobolds (D:1)
  3 rats (D:1)
26 creatures vanquished.

Vanquished Creatures (others)
  A foxfire (D:1)
1 creature vanquished.

Grand Total: 27 creatures vanquished

Notes
Turn   | Place    | Note
-------+----------+-------------------------------------------
     0 | D:1      | Pixllover the Gnoll Cinder Acolyte began the quest for the
                  | Orb.
     0 | D:1      | Reached XP level 1. HP: 23/23 MP: 4/4
   111 | D:1      | Reached XP level 2. HP: 27/29 MP: 5/5
   496 | D:1      | Found a faded altar of an unknown god.
   521 | D:1      | Reached XP level 3. HP: 35/35 MP: 7/7
   524 | D:1      | Prayed at the altar of an unknown god.
   524 | D:1      | Fell from the grace of Ignis
   524 | D:1      | Became a worshipper of Elyvilon the Healer
   524 | D:1      | Reached * piety under Elyvilon
   749 | D:2      | Reached skill level 1 in Invocations
   764 | D:2      | Noticed a fire elemental
   764 | D:2      | Noticed a fire elemental
   766 | D:2      | Elyvilon protects you from harm!
   767 | D:2      | Elyvilon protects you from harm!
   767 | D:2      | Slain by a fire elemental

Illustrated notes

Levels and vault maps discovered:
D:1:      nagdon_arrival_zigzag_paths, layout_rooms,
          shapermc_ecumenical_altar_totnotflames
D:2:      layout_loops_ring, minivault_5

Skill      XL: |  1  2  3 |
---------------+----------+-----
Invocations    | 1 |  1.0
Fighting       | |  6.5
Short Blades   | |  0.8
Long Blades    | |  0.8
Axes           | |  6.5
Maces & Flails | |  0.8
Polearms       | |  0.8
Staves         | |  0.8
Ranged Weapons | |  0.8
Throwing       | |  0.8
Armour         | |  0.8
Dodging        | |  0.8
Stealth        | |  0.8
Shields        | |  0.8
Unarmed Combat | |  0.8
Spellcasting   | |  2.8
Conjurations   | |  0.5
Hexes          | |  0.5
Summonings     | |  0.5
Necromancy     | |  0.5
Translocations | |  0.5
Transmutations | |  0.5
Fire Magic     | |  5.4
Ice Magic      | |  0.5
Air Magic      | |  0.5
Earth Magic    | |  0.5
Poison Magic   | |  0.5
Evocations     | |  0.8
Shapeshifting  | |  0.7

Action                     || total
---------------------------++-------
  Melee: Hand axe          ||    94
         Bite              ||     8
 Invoke: Foxfire Swarm     ||     1
    Use: Scroll            ||     1
 Armour: Robe              ||    42
         Ring mail         ||    17
  Dodge: Dodged            ||    44

Table legend: (Time is in decaauts)
 A = Elapsed time spent in this place.
 B = Non-inter-level travel time spent in this place.
 C = Inter-level travel time spent in this place.
 D = Time resting spent in this place.
 E = Time spent auto-exploring this place.
 F = Levels seen in this place.
 G = Mean time per level.
                   A        B        C        D        E       F      G
               +--------+--------+--------+--------+--------+-----+--------+
         Total |    764 |    761 |      3 |    111 |    397 |   2 |  382.0 |
       Dungeon |    764 |    761 |      3 |    111 |    397 |   2 |  382.0 |
               +--------+--------+--------+--------+--------+-----+--------+

Top non-repeatable levels by time:
     D:1: 732 daAuts
     D:2: 32 daAuts
